| TOP OF THE 1ST |
|---|
| Virginia Cavaliers batting - Pitching for Mississippi State Bulldogs : LHP Matt Sarsfield | | Pitching: LHP Matt Sarsfield | | | Batting: RHB Billy Rose | 0-0: Foul Ball, location: 2F 0-1: Ball 1-1: Foul Ball, location: 2F 1-2: Ground out U3 (Groundball, 3) | | Batting: RHB Frank Delgado | 0-0: Ball 1-0: Ball 2-0: Foul Ball, location: 2F 2-1: Fly out, F6 (Line Drive, 6) | | Batting: RHB Ryan Pritchard | 0-0: Ball 1-0: Called Strike 1-1: Ball 2-1: Ball 3-1: DOUBLE (Flyball, 89D) | | Batting: RHB Kaleb Pellitteri | 0-0: Ball 1-0: Foul Ball, location: 2F 1-1: Ball 2-1: Ball 3-1: Base on Balls | | Batting: LHB Cesar Manzo | 0-0: Ball 1-0: Ball 2-0: Ball 3-0: Base on Balls Ryan Pritchard to third Kaleb Pellitteri to second | | Batting: RHB Tommy Barlow | 0-0: Ball 1-0: Ball 2-0: Ground out 1-3 (Groundball, 13S) | | Top of the 1st over - 0 runs, 1 hit, 0 errors, 3 left on base; Virginia 0 - Mississippi State 0 | | BOTTOM OF THE 1ST |
|---|
| Mississippi State Bulldogs batting - Pitching for Virginia Cavaliers : LHP Travis Weiner | | Pitching: LHP Travis Weiner | | | Batting: LHB Scott Slavik | 0-0: Called Strike 0-1: Called Strike 0-2: Ball 1-2: Ball 2-2: Ball 3-2: Base on Balls | | Batting: LHB Jeremy Cook | 0-0: Ball 1-0: Called Strike 1-1: Called Strike Scott Slavik steals 2nd base 1-2: Strikes out looking | | Batting: RHB Mike Sizemore | 0-0: Called Strike 0-1: Ball 1-1: Foul Ball, location: 2F 1-2: Foul Ball, location: 2F 1-2: Strikes out looking | | Batting: RHB Tim Flynn | 0-0: Ground out 4-3 (Groundball, 4M) | | Bottom of the 1st over - 0 runs, 0 hits, 0 errors, 1 left on base; Virginia 0 - Mississippi State 0 | | TOP OF THE 2ND |
|---|
| Virginia Cavaliers batting - Pitching for Mississippi State Bulldogs : LHP Matt Sarsfield | | Batting: RHB Matt James | 0-0: Ball 1-0: Called Strike 1-1: SINGLE (Line Drive, 78S) | | Batting: SHB Gary Jarzynka | 0-0: Called Strike 0-1: SINGLE (Line Drive, 4MD) Matt James to second | | Batting: LHB Matt White | 0-0: Swinging Strike 0-1: Ball 1-1: Foul Ball, location: 2F 1-2: Strikes out swinging | | Batting: RHB Billy Rose | 0-0: Called Strike 0-1: Foul Ball, location: 2F 0-2: Foul Ball, location: 2F 0-2: Fielders Choice at 2nd, 4-6 (Groundball, 34) Matt James to third | | Batting: RHB Frank Delgado | 0-0: Called Strike 0-1: Called Strike 0-2: Strikes out swinging | | Top of the 2nd over - 0 runs, 2 hits, 0 errors, 2 left on base; Virginia 0 - Mississippi State 0 | | BOTTOM OF THE 2ND |
|---|
| Mississippi State Bulldogs batting - Pitching for Virginia Cavaliers : LHP Travis Weiner | | Batting: LHB Ron Callaway | 0-0: Ball 1-0: Foul Ball, location: 2F 1-1: Ball 2-1: Ground out 5-3 (Groundball, 56) | | Batting: LHB Warren Jacobus | 0-0: SINGLE (Line Drive, 6D) | | Batting: RHB Jared French | 0-0: Ball 1-0: Ball 2-0: Swinging Strike 2-1: Ball 3-1: Base on Balls Warren Jacobus to second | | Batting: RHB Phil Neaves | 0-0: Foul Ball, location: 2F 0-1: Ball 1-1: Foul Ball, location: 2F 1-2: Strikes out looking | | Batting: SHB Sean Sanders | 0-0: Ball 1-0: Ball 2-0: Ball 3-0: Called Strike 3-1: Foul Ball, location: 2F 3-2: Reached on error, E6 (Groundball, 6) Warren Jacobus to third Jared French to second | | Batting: LHB Scott Slavik | 0-0: SINGLE (Flyball, 89S) Warren Jacobus scores Jared French to third Sean Sanders to second | | Batting: LHB Jeremy Cook | 0-0: Called Strike 0-1: Ball 1-1: Foul Ball, location: 2F 1-2: Fly out, F9 (Flyball, 9S) | | Bottom of the 2nd over - 1 run, 2 hits, 1 error, 3 left on base; Virginia 0 - Mississippi State 1 | | TOP OF THE 3RD |
|---|
| Virginia Cavaliers batting - Pitching for Mississippi State Bulldogs : LHP Matt Sarsfield | | Batting: RHB Ryan Pritchard | 0-0: Foul Ball, location: 2F 0-1: Ball 1-1: Foul Ball, location: 2F 1-2: Foul Ball, location: 2F 1-2: Foul Ball, location: 2F 1-2: Strikes out swinging | | Batting: RHB Kaleb Pellitteri | 0-0: Called Strike 0-1: Ball 1-1: Ball 2-1: Called Strike 2-2: Ball 3-2: Ground out U3 (Groundball, 34S) | | Batting: LHB Cesar Manzo | 0-0: Swinging Strike 0-1: Foul Ball, location: 2F 0-2: Ball 1-2: Ball 2-2: Fly out, F9 (Flyball, 89D) | | Top of the 3rd over - 0 runs, 0 hits, 0 errors, 0 left on base; Virginia 0 - Mississippi State 1 | | BOTTOM OF THE 3RD |
|---|
| Mississippi State Bulldogs batting - Pitching for Virginia Cavaliers : LHP Travis Weiner | | Batting: RHB Mike Sizemore | 0-0: Ball 1-0: Ball 2-0: Ball 3-0: Base on Balls | | Batting: RHB Tim Flynn | 0-0: Called Strike 0-1: Ball 1-1: Ball 2-1: Grounds into double play, 6-4-3 (Groundball, 6) | | Batting: LHB Ron Callaway | 0-0: Ball 1-0: Foul Ball, location: 2F 1-1: Ball 2-1: Swinging Strike 2-2: Ball 3-2: Strikes out swinging | | Bottom of the 3rd over - 0 runs, 0 hits, 0 errors, 0 left on base; Virginia 0 - Mississippi State 1 | | TOP OF THE 4TH |
|---|
| Virginia Cavaliers batting - Pitching for Mississippi State Bulldogs : LHP Matt Sarsfield | | Batting: RHB Tommy Barlow | 0-0: Ball 1-0: Ball 2-0: Foul Ball, location: 2F 2-1: Bunt for hit - play at first, batter safe! | | Batting: RHB Matt James | 0-0: Ball Tommy Barlow is caught stealing 2nd base 1-0: Ball 2-0: Foul Ball, location: 2F 2-1: SOLO HOME RUN (Flyball, 78XD), Distance : 423 ft | | Batting: SHB Gary Jarzynka | 0-0: Ball 1-0: Ball 2-0: Ball 3-0: Called Strike 3-1: Swinging Strike 3-2: Base on Balls | | Batting: LHB Matt White | 0-0: Ball 1-0: Swinging Strike 1-1: SINGLE (Groundball, 34D) Gary Jarzynka to second Runner from 2nd tries for 3rd, SAFE, no throw | | Batting: RHB Billy Rose | 0-0: Ball 1-0: Called Strike 1-1: Called Strike 1-2: Ball 2-2: Foul Ball, location: 2F 2-2: Foul Ball, location: 2F 2-2: Foul Ball, location: 2F 2-2: Strikes out looking | | Batting: RHB Frank Delgado | 0-0: Ball 1-0: Ground out U3 (Groundball, 3) | | Top of the 4th over - 1 run, 3 hits, 0 errors, 2 left on base; Virginia 1 - Mississippi State 1 | | BOTTOM OF THE 4TH |
|---|
| Mississippi State Bulldogs batting - Pitching for Virginia Cavaliers : LHP Travis Weiner | | Batting: LHB Warren Jacobus | 0-0: Foul Ball, location: 2F 0-1: Ball 1-1: Foul Ball, location: 2F 1-2: Ball 2-2: Fly out, F7 (Flyball, 7) | | Batting: RHB Jared French | 0-0: Ball 1-0: Called Strike 1-1: Ball 2-1: Ball 3-1: Ground out 6-3 (Groundball, 6) | | Batting: RHB Phil Neaves | 0-0: Called Strike 0-1: Ground out 1-3 (Groundball, P) | | Bottom of the 4th over - 0 runs, 0 hits, 0 errors, 0 left on base; Virginia 1 - Mississippi State 1 | | TOP OF THE 5TH |
|---|
| Virginia Cavaliers batting - Pitching for Mississippi State Bulldogs : LHP Matt Sarsfield | | Batting: RHB Ryan Pritchard | 0-0: Called Strike 0-1: Ball 1-1: Foul Ball, location: 2F 1-2: Ball 2-2: Foul Ball, location: 2F 2-2: Ball 3-2: Base on Balls | | Batting: RHB Kaleb Pellitteri | 0-0: Ball 1-0: Swinging Strike 1-1: Ball 2-1: Fly out, F9 (Flyball, 89S) | | Batting: LHB Cesar Manzo | 0-0: Ball 1-0: Called Strike 1-1: Foul Ball, location: 2F 1-2: Ball 2-2: Strikes out swinging | | Batting: RHB Tommy Barlow | 0-0: Swinging Strike 0-1: Ball 1-1: Ball 2-1: Foul Ball, location: 2F 2-2: Fly out, F4 (Line Drive, 4M) | | Top of the 5th over - 0 runs, 0 hits, 0 errors, 1 left on base; Virginia 1 - Mississippi State 1 | | BOTTOM OF THE 5TH |
|---|
| Mississippi State Bulldogs batting - Pitching for Virginia Cavaliers : LHP Travis Weiner | | Batting: SHB Sean Sanders | 0-0: SINGLE (Groundball, 6MD) | | Batting: LHB Scott Slavik | 0-0: Sac Bunt - play at first, batter OUT! 1-3 Sean Sanders to second | | Batting: LHB Jeremy Cook | 0-0: Foul Ball, location: 2F 0-1: Foul Ball, location: 2F 0-2: Ball 1-2: Ball 2-2: Foul Ball, location: 2F 2-2: Strikes out looking | | Batting: RHB Mike Sizemore | 0-0: Ball 1-0: Swinging Strike 1-1: Ball 2-1: Called Strike 2-2: Ball 3-2: Ground out 5-3 (Groundball, 56) | | Bottom of the 5th over - 0 runs, 1 hit, 0 errors, 1 left on base; Virginia 1 - Mississippi State 1 | | TOP OF THE 6TH |
|---|
| Virginia Cavaliers batting - Pitching for Mississippi State Bulldogs : LHP Matt Sarsfield | | Batting: RHB Matt James | 0-0: Swinging Strike 0-1: Ball 1-1: Reached on error, E6 (Groundball, 6) | | Batting: SHB Gary Jarzynka | 0-0: Intentional Walk | | Batting: LHB Matt White | 0-0: Bunted foul 0-1: Ball 1-1: Sac Bunt - play at first, batter OUT! 5-4 Matt James to third Gary Jarzynka to second | | Batting: RHB Billy Rose | 0-0: Ball 1-0: Called Strike 1-1: Swinging Strike 1-2: Ball 2-2: Foul Ball, location: 2F 2-2: Ground out 6-3 (Groundball, 6) | | Pitching: RHP Gil Frey | | | Batting: RHB Frank Delgado | 0-0: Ball 1-0: Swinging Strike 1-1: Called Strike 1-2: Strikes out swinging | | Top of the 6th over - 0 runs, 0 hits, 1 error, 2 left on base; Virginia 1 - Mississippi State 1 | | BOTTOM OF THE 6TH |
|---|
| Mississippi State Bulldogs batting - Pitching for Virginia Cavaliers : LHP Travis Weiner | | Batting: RHB Tim Flynn | 0-0: SINGLE (Flyball, 34D) | | Batting: LHB Ron Callaway | 0-0: Ball 1-0: Ball 2-0: Ball Wild Pitch! Tim Flynn to second 3-0: Base on Balls | | Batting: LHB Warren Jacobus | 0-0: Hit by Pitch Tim Flynn to third Ron Callaway to second | | Batting: RHB Jared French | 0-0: Called Strike 0-1: Ball 1-1: Ball 2-1: Fly out, F6 (Line Drive, 6) Lined into DP, 6-4 (Line Drive, 6) | | Batting: RHB Phil Neaves | 0-0: Ball 1-0: SINGLE (Groundball, 3D) Tim Flynn scores Warren Jacobus to second Runner from 2nd tries for 3rd, SAFE, no throw | | Batting: SHB Sean Sanders | 0-0: Ball 1-0: Ball 2-0: Called Strike 2-1: Swinging Strike 2-2: Ball 3-2: Ground out U3 (Groundball, 3) | | Bottom of the 6th over - 1 run, 2 hits, 0 errors, 2 left on base; Virginia 1 - Mississippi State 2 | | TOP OF THE 7TH |
|---|
| Virginia Cavaliers batting - Pitching for Mississippi State Bulldogs : RHP Gil Frey | | Pitching: RHP Heinrich Brown | | | Batting: RHB Ryan Pritchard | 0-0: Fly out, F8 (Flyball, 8LD) | | Batting: RHB Kaleb Pellitteri | 0-0: Foul Ball, location: 2F 0-1: Swinging Strike 0-2: Strikes out swinging | | Batting: LHB Cesar Manzo | 0-0: Foul Ball, location: 2F 0-1: Ball 1-1: Foul Ball, location: 2F 1-2: Strikes out swinging | | Top of the 7th over - 0 runs, 0 hits, 0 errors, 0 left on base; Virginia 1 - Mississippi State 2 | | BOTTOM OF THE 7TH |
|---|
| Mississippi State Bulldogs batting - Pitching for Virginia Cavaliers : LHP Travis Weiner | | Batting: LHB Scott Slavik | 0-0: Ball 1-0: Ball 2-0: DOUBLE (Line Drive, 5D) | | Pitching: LHP Joe Twist | | | Batting: LHB Jeremy Cook | 0-0: Bunted foul 0-1: Sac Bunt - play at first, batter OUT! 1-4 Scott Slavik to third | | Batting: RHB Mike Sizemore | 0-0: Intentional Walk | | Pinch Hitting: RHB Terry Drake | 0-0: Foul Ball, location: 2F 0-1: Ball 1-1: Swinging Strike 1-2: Strikes out swinging | | Pinch Hitting: RHB Jessie Heath | 0-0: Foul Ball, location: 2F 0-1: Foul Ball, location: 2F 0-2: Strikes out swinging | | Bottom of the 7th over - 0 runs, 1 hit, 0 errors, 2 left on base; Virginia 1 - Mississippi State 2 | | TOP OF THE 8TH |
|---|
| Virginia Cavaliers batting - Pitching for Mississippi State Bulldogs : RHP Heinrich Brown | | Now at 1B: Terry Drake | | | Now at 2B: Tony Dominguez | | | Batting: RHB Tommy Barlow | 0-0: Ball 1-0: Called Strike 1-1: Foul Ball, location: 2F 1-2: Ball 2-2: Ball 3-2: Foul Ball, location: 2F 3-2: Foul Ball, location: 2F 3-2: Foul Ball, location: 2F 3-2: Base on Balls | | Batting: RHB Matt James | 0-0: Ball 1-0: Bunted foul 1-1: Sac Bunt - play at first, batter OUT! U3 Tommy Barlow to second | | Batting: SHB Gary Jarzynka | 0-0: Ball 1-0: Ball 2-0: Ball 3-0: Base on Balls | | Batting: LHB Matt White | 0-0: Foul Ball, location: 2F 0-1: Foul Ball, location: 2F 0-2: Ball 1-2: Strikes out swinging | | Pinch Hitting: LHB Zack Tuchman | 0-0: Ball 1-0: Swinging Strike 1-1: Swinging Strike 1-2: Ball 2-2: Strikes out swinging | | Top of the 8th over - 0 runs, 0 hits, 0 errors, 2 left on base; Virginia 1 - Mississippi State 2 | | BOTTOM OF THE 8TH |
|---|
| Mississippi State Bulldogs batting - Pitching for Virginia Cavaliers : LHP Joe Twist | | Now in RF: Zack Tuchman | | | Batting: LHB Warren Jacobus | 0-0: Called Strike 0-1: Ball 1-1: Ball 2-1: SINGLE (Line Drive, 8RS) | | Batting: RHB Jared French | 0-0: Sac Bunt - play at first, batter OUT! 1-4 Warren Jacobus to second | | Pinch Hitting: RHB Matt Hartl | 0-0: Intentional Walk | | Batting: SHB Sean Sanders | 0-0: Swinging Strike 0-1: Ball 1-1: Grounds into double play, 6-4-3 (Groundball, 6) | | Bottom of the 8th over - 0 runs, 1 hit, 0 errors, 1 left on base; Virginia 1 - Mississippi State 2 | | TOP OF THE 9TH |
|---|
| Virginia Cavaliers batting - Pitching for Mississippi State Bulldogs : RHP Heinrich Brown | | Now in RF: Nick Crowell | | | Batting: RHB Frank Delgado | 0-0: Ball 1-0: Ball 2-0: Called Strike 2-1: Ball 3-1: Base on Balls | | Pinch Hitting: LHB Travis Michalik | 0-0: Foul Ball, location: 2F 0-1: Swinging Strike 0-2: Ball 1-2: Strikes out looking | | Batting: RHB Kaleb Pellitteri | 0-0: Called Strike 0-1: Grounds into double play, 5-4-3 (Groundball, 5L) | | Top of the 9th over - 0 runs, 0 hits, 0 errors, 0 left on base; Virginia 1 - Mississippi State 2 | |